 Dungeon Crawl Stone Soup version 0.29-a0-553-g81b289dbe5 (webtiles) character file.

Game seed: 1067607898854828943

100 DocClef the Covert (level 4, -8/41 HPs)
             Began as a Gnoll Delver on June 6, 2022.
             Mangled by an iguana (9 damage)
             ... on level 4 of the Dungeon.
             The game lasted 00:00:37 (483 turns).

DocClef the Covert (Gnoll Delver)                    Turns: 483, Time: 00:00:37

Health: -8/41      AC:  4    Str: 14    XL:     4   Next: 74%
Magic:  5/5        EV: 13    Int:  9    God:
Gold:   0          SH:  0    Dex: 13    Spells: 5/5 levels left

rFire   . . .      SeeInvis .   a - +0 short sword
rCold   . . .      Faith    .   (no shield)
rNeg    . . .      Spirit   .   b - +0 leather armour
rPois   .          Reflect  .   h - +0 helmet
rElec   .          Harm     .   (no cloak)
rCorr   .          Rampage  .   (no gloves)
Will    .....                   (no boots)
Stlth   ++++......              (no amulet)
HPRegen 0.13/turn               (no ring)
MPRegen 0.09/turn               (no ring)

@: no status effects
A: fangs 1, strong nose, distributed training
a: no special abilities


You were on level 4 of the Dungeon.
You visited 1 branch of the dungeon, and saw 2 of its levels.

Inventory:

Hand Weapons
 a - a +0 short sword (weapon)
Armour
 b - a +0 leather armour (worn)
 h - a +0 helmet (worn)
Wands
 g - a wand of digging (3)
Scrolls
 c - a scroll of fog
 d - a scroll of magic mapping
 e - a scroll of fear
 i - a scroll of identify {unknown}
Potions
 f - a potion of haste
 j - a potion of resistance {unknown}


   Skills:
 + Level 6.6 Fighting
 + Level 4.7 Short Blades
 + Level 1.2 Long Blades
 + Level 1.2 Axes
 + Level 1.2 Maces & Flails
 + Level 1.2 Polearms
 + Level 1.2 Staves
 + Level 1.2 Slings
 + Level 1.2 Bows
 + Level 1.2 Crossbows
 + Level 1.2 Throwing
 + Level 1.2 Armour
 + Level 4.7 Dodging
 + Level 9.6 Stealth
 + Level 1.2 Shields
 + Level 1.2 Unarmed Combat
 + Level 1.2 Spellcasting
 + Level 1.0 Conjurations
 + Level 1.0 Hexes
 + Level 1.0 Summonings
 + Level 1.0 Necromancy
 + Level 1.0 Translocations
 + Level 1.0 Transmutations
 + Level 1.0 Fire Magic
 + Level 1.0 Ice Magic
 + Level 1.0 Air Magic
 + Level 1.0 Earth Magic
 + Level 1.0 Poison Magic
 + Level 1.3 Invocations
 + Level 1.2 Evocations


You had 5 spell levels left.
You didn't know any spells.
Your spell library was empty.

Dungeon Overview and Level Annotations

Branches:
Dungeon (5/15)
 Temple: D:4-7

Altars:


Innate Abilities, Weirdness & Mutations

You have very sharp teeth.
Your uncanny sense of smell can sniff out nearby items.
Your experience applies equally to all skills.


Message History

You hit the iguana.
The iguana is lightly wounded.
The iguana closely misses you.
You hit the iguana but do no damage.
The iguana is lightly wounded.
The iguana bites you!
* * * LOW HITPOINT WARNING * * *
You are too injured to fight recklessly!
You are too injured to fight recklessly!
You are too injured to fight recklessly!
You are too injured to fight recklessly!
You are too injured to fight recklessly!
You are too injured to fight recklessly!
You are too injured to fight recklessly!
You are too injured to fight recklessly!
You are too injured to fight recklessly!
You are too injured to fight recklessly!
You are too injured to fight recklessly!
You are too injured to fight recklessly!
You are too injured to fight recklessly!
You are too injured to fight recklessly!
You are too injured to fight recklessly!
You are too injured to fight recklessly!
You are too injured to fight recklessly!
You are too injured to fight recklessly!
You are too injured to fight recklessly!
You are too injured to fight recklessly!
You are too injured to fight recklessly!
You are too injured to fight recklessly!
You are too injured to fight recklessly!
The iguana attacks as you move away! The iguana bites you!
* * * LOW HITPOINT WARNING * * *
You hit the iguana. Your bite misses the iguana.
The iguana is moderately wounded.
The orc shouts!
You hear a shout! x2
The iguana closely misses you.
You hit the iguana.
The iguana is heavily wounded.
The iguana bites you!
You die...

#.......÷...##.# #........
#..............###.... ...
#...........#........ ....
#............##.....#.....
##..÷..<..#..###.#..#.....
#........#...##..........
#...........#.###.........
#...........#.##..........
#......)....#.>.@l........
#...........##..)....#....
#....................# ...
.....#............. .
...................
###............##
..........o..##
##............


You could see an iguana and an orc.

Vanquished Creatures
  A hound (D:5)
  A jelly (D:5)
  3 adders (D:4)
  An ufetubus (D:4)
  A dart slug (D:4)
  An orc (D:4)
  An endoplasm (D:4)
  A ball python (D:4)
  A kobold (D:4)
11 creatures vanquished.

Vanquished Creatures (others)
  A fungus (D:5)
  12 toadstools (D:5)
13 creatures vanquished.

Grand Total: 24 creatures vanquished

Notes
Turn   | Place    | Note
-------+----------+-------------------------------------------
     0 | D:5      | Reached skill level 9 in Stealth
     0 | D:5      | DocClef the Gnoll Delver began the quest for the Orb.
     0 | D:5      | Reached XP level 1. HP: 23/23 MP: 1/1
    34 | D:5      | Noticed a jelly
    43 | D:5      | Killed a jelly
    44 | D:5      | Reached XP level 2. HP: 16/29 MP: 2/2
    44 | D:5      | Reached XP level 3. HP: 19/35 MP: 3/3
   186 | D:5      | Reached skill level 1 in Long Blades
   186 | D:5      | Reached skill level 1 in Axes
   186 | D:5      | Reached skill level 1 in Maces & Flails
   186 | D:5      | Reached skill level 1 in Polearms
   186 | D:5      | Reached skill level 1 in Staves
   186 | D:5      | Reached skill level 1 in Slings
   186 | D:5      | Reached skill level 1 in Bows
   186 | D:5      | Reached skill level 1 in Crossbows
   186 | D:5      | Reached skill level 1 in Throwing
   186 | D:5      | Reached skill level 1 in Armour
   186 | D:5      | Reached skill level 1 in Shields
   186 | D:5      | Reached skill level 1 in Unarmed Combat
   186 | D:5      | Reached skill level 1 in Spellcasting
   186 | D:5      | Reached skill level 1 in Invocations
   186 | D:5      | Reached skill level 1 in Evocations
   186 | D:5      | Reached XP level 4. HP: 41/41 MP: 3/5
   219 | D:5      | Noticed a black bear
   277 | D:4      | Reached skill level 1 in Conjurations
   277 | D:4      | Reached skill level 1 in Hexes
   277 | D:4      | Reached skill level 1 in Summonings
   277 | D:4      | Reached skill level 1 in Necromancy
   277 | D:4      | Reached skill level 1 in Translocations
   277 | D:4      | Reached skill level 1 in Transmutations
   277 | D:4      | Reached skill level 1 in Fire Magic
   277 | D:4      | Reached skill level 1 in Ice Magic
   277 | D:4      | Reached skill level 1 in Air Magic
   277 | D:4      | Reached skill level 1 in Earth Magic
   277 | D:4      | Reached skill level 1 in Poison Magic
   481 | D:4      | HP: 1/41 [iguana (11)]
   483 | D:4      | Mangled by an iguana

Illustrated notes

Levels and vault maps discovered:
D:4:      layout_rooms, minmay_temple_entry_sparse_star,
          ebering_ghost_rock_garden
D:5:      cheibrodos_fertilizer, layout_loops_ring, gammafunk_ghost_arena,
          minmay_misc_feat_tower, uniq_crazy_yiuf_cottage, uniq_pikel

Skill      XL: |  1  2  3  4 |
---------------+-------------+-----
Stealth        | |  9.6
Long Blades    | 1 |  1.2
Axes           | 1 |  1.2
Maces & Flails | 1 |  1.2
Polearms       | 1 |  1.2
Staves         | 1 |  1.2
Slings         | 1 |  1.2
Bows           | 1 |  1.2
Crossbows      | 1 |  1.2
Throwing       | 1 |  1.2
Armour         | 1 |  1.2
Shields        | 1 |  1.2
Unarmed Combat | 1 |  1.2
Spellcasting   | 1 |  1.2
Invocations    | 1 |  1.3
Evocations     | 1 |  1.2
Conjurations   | 1 |  1.0
Hexes          | 1 |  1.0
Summonings     | 1 |  1.0
Necromancy     | 1 |  1.0
Translocations | 1 |  1.0
Transmutations | 1 |  1.0
Fire Magic     | 1 |  1.0
Ice Magic      | 1 |  1.0
Air Magic      | 1 |  1.0
Earth Magic    | 1 |  1.0
Poison Magic   | 1 |  1.0
Fighting       | |  6.6
Short Blades   | |  4.7
Dodging        | |  4.7

Action                   |  1- 3 |  4- 6 || total
-------------------------+-------+-------++-------
Melee: Short sword       |     5 |    37 ||    42
       Bite              |     1 |     2 ||     3
 Stab: Sleeping          |     1 |     4 ||     5
Armor: Leather armour    |     1 |     6 ||     7
Dodge: Dodged            |     1 |    18 ||    19

Table legend: (Time is in decaauts)
 A = Elapsed time spent in this place.
 B = Non-inter-level travel time spent in this place.
 C = Inter-level travel time spent in this place.
 D = Time resting spent in this place.
 E = Time spent auto-exploring this place.
 F = Levels seen in this place.
 G = Mean time per level.
                   A        B        C        D        E       F      G
               +--------+--------+--------+--------+--------+-----+--------+
         Total |    477 |    477 |      0 |      0 |    371 |   2 |  238.5 |
       Dungeon |    477 |    477 |      0 |      0 |    371 |   2 |  238.5 |
               +--------+--------+--------+--------+--------+-----+--------+

Top non-repeatable levels by time:
     D:4: 248 daAuts
     D:5: 229 daAuts
